 Dungeon Crawl Stone Soup version 0.15.1-3-g1b33baa (webtiles) character file.

20 Chiseanne the Ducker (level 2, -3/14 HPs)
             Began as a Spriggan Transmuter on Oct 5, 2014.
             Killed from afar by Hyup the naga (5 damage)
             ... with a splash of poison
             ... created by the player character
             ... on Level 2 of the Dungeon.
             The game lasted 00:03:28 (1485 turns).

Chiseanne the Ducker (Spriggan Transmuter)          Turns: 1485, Time: 00:03:29

HP  -3/14        AC  2     Str  6      XL: 2   Next: 58%
MP   7/7         EV 18     Int 14      God:
Gold 29          SH  0     Dex 16      Spells:  1 memorised,  5 levels left

rFire  . . .     SeeInvis +       - Unarmed
rCold  . . .     Clarity  .     c - +0 robe
rNeg   . . .     rCorr    .     (shield restricted)
rPois  .         rRot     .     (helmet restricted)
rElec  .         Spirit   .     (no cloak)
SustAb .         Warding  .     (gloves unavailable)
rMut   .         Stasis   .     (boots unavailable)
Gourm  .                        (no amulet)
MR     .....                    (no ring)
                                h - ring of flight

@: lethally poisoned, appendage (expiring), very quick, not resistant to hostile
enchantments, very unstealthy
A: unfitting armour, horns 2, see invisible, herbivore 3, speed 3, slow
metabolism 2
a: End Transformation, Evoke Flight


You were on level 2 of the Dungeon.
You were not hungry.
You had grown temporary horns.
You visited 1 branch of the dungeon, and saw 2 of its levels.

You collected 29 gold pieces.

Inventory:

Missiles
 b - 19 arrows
Armour
 c - a +0 robe (worn)
Comestibles
 f - a slice of pizza
Scrolls
 e - 2 scrolls of remove curse
Jewellery
 h - a ring of flight (left hand)
Potions
 a - 2 potions of porridge
Books
 d - a book of Changes

   Spells                             Type                      Level
   *Beastly Appendage                 Transmutation                1
   Sticks to Snakes                   Transmutation                2
   Spider Form                        Transmutation/Poison         3
   Ice Form                           Ice/Transmutation            4
   Blade Hands                        Transmutation                5
Miscellaneous
 i - a plain deck of changes {drawn: 2}


   Skills:
 - Level 0.7 Fighting
 * Level 3.3 Dodging
 * Level 2.9 Unarmed Combat
 * Level 2.9 Spellcasting
 * Level 3.0 Transmutations


You had 5 spell levels left.
You knew the following spells:

 Your Spells              Type           Power        Failure   Level  Hunger
a - Beastly Appendage     Trmt           ##....       10%         1    #......


Dungeon Overview and Level Annotations

Branches:
Dungeon (2/15)

Altars:
Nemelex Xobeh


Innate Abilities, Weirdness & Mutations

You are tiny and cannot use many weapons and most armour.
You have supernaturally acute eyesight.
You are a herbivore.
You cover ground extremely quickly.
You need consume almost no food.
You have a pair of horns on your head.


Message History

Read which item? (? for menu, Esc to quit)
As you read the scroll labeled SCHIQO DILEE, it crumbles to dust.
It is a scroll of identify.
Identify which item? (\ to view known items) (? for menu, Esc to quit)
e - 2 scrolls of remove curse Guoneung barely misses you.
The giant gecko barely misses you.
You closely miss the giant gecko.
The giant gecko is severely wounded.
The giant gecko misses you. Guoneung completely misses you.
You hit the giant gecko but do no damage.
You punch the giant gecko.
The giant gecko is almost dead.
The giant gecko closely misses you. Guoneung closely misses you.
You barely miss the giant gecko. You punch the giant gecko.
You kill the giant gecko!
Your transformation is almost over.
Hyup spits poison at you. The splash of poison hits you!
You are lethally poisoned!
You die...

##### ##...## ##...).##
#.......# #.%)....#
#<......######################
#........<.K.@..>.N......._...
#........#####################
#.........# ##...>.##.#
##...## ... ##### #### #####
.....


You could see Guoneung the big kobold and Hyup the naga.

Vanquished Creatures
  2 giant geckos
  An ooze (D:1)
  A bat (D:1)
  A giant cockroach (D:2)
  3 hobgoblins (D:1)
  2 kobolds (D:1)
  4 goblins
  2 rats (D:1)
16 creatures vanquished.

Notes
Turn   | Place    | Note
--------------------------------------------------------------
     0 | D:1      | Chiseanne, the Spriggan Transmuter, began the quest for the Orb.
     0 | D:1      | Reached XP level 1. HP: 9/9 MP: 4/4
   580 | D:1      | Reached XP level 2. HP: 14/14 MP: 5/7
  1150 | D:2      | Found a sparkling altar of Nemelex Xobeh.
  1178 | D:2      | Noticed Hyup
  1471 | D:2      | Noticed Guoneung
  1485 | D:2      | Killed from afar by Hyup the naga

Action                   || total
-------------------------++-------
Melee: Unarmed           ||    55
 Cast: Beastly Appendage ||    12
Evoke: Deck              ||     2
  Use: Scroll            ||     1
